 Dungeon Crawl Stone Soup version 0.30-a0-358-g0d69a19 (webtiles) character file.

Game seed: 7700125476371940393

492076 Stormy the Slayer (level 23, -5/336 HPs)
             Began as a Red Draconian Transmuter on Nov 9, 2022.
             Was a High Priest of Wu Jian.
             Slain by a tengu reaver
             ... wielding a +3 dire flail of protection
              (18 damage)
             ... on level 4 of the Vaults on Nov 10, 2022.
             The game lasted 04:20:56 (66945 turns).

Stormy the Slayer (Red Draconian Transmuter)       Turns: 66945, Time: 04:20:57

Health: -5/336     AC: 29    Str: 28    XL:     23   Next: 89%
Magic:  13/42      EV: 15    Int: 19    God:    Wu Jian [*****.]
Gold:   6142       SH:  0    Dex: 12    Spells: 14/52 levels left

rFire   + + .      SeeInvis +      - Unarmed
rCold   x . .      Faith    .    (shield currently unavailable)
rNeg    + . .      Spirit   .    (body armour unavailable)
rPois   +          Reflect  .    (helmet currently unavailable)
rElec   .          Harm     .    (cloak currently unavailable)
rCorr   .          Rampage  .    (gloves currently unavailable)
Will    +++++      Clarity  +    (boots currently unavailable)
Stlth   +.........               Y - amulet of the Four Winds {rN+ Will+++ Clar}
HPRegen 0.76/turn                V - ring of the Tortoise {AC+8}
MPRegen 0.28/turn                X - ring of the Blue Skies {Will+++ AC+4 Str+4 Int-4 SInv}

@: dragon-form, corroded, in a heavenly storm, flying, glowing, invisible (but
backlit and visible)
A: dragon claw, dragon scales, flying, boosted hp, breathe fire, AC +11, giant,
unfitting armour, (fire resistance 1), (cold-blooded), (poison resistance)
}: 2/15 runes: decaying, gossamer
a: Breathe Fire, End Transformation, Renounce Religion, Wall Jump, Serpent's
Lash, Heavenly Storm


You were on level 4 of the Vaults.
You worshipped Wu Jian.
Wu Jian was extremely pleased with you.
You were a fearsome fire dragon!
You visited 9 branches of the dungeon, and saw 43 of its levels.
You visited 1 bazaar.
You also visited: Trove, Gauntlet, Ice Cave and Volcano.

You collected 8128 gold pieces.
You spent 1986 gold pieces at shops.

Inventory:

Missiles
 E - 7 throwing nets
 Q - 15 silver javelins
Armour
 e - the +3 Mad Mage's Maulers {Infuse+∞ RegenMP Int-3}
   (You acquired it on level 7 of the Dungeon)

   It empowers its wearer's blows with all of their magic.
   It causes its wearer's magical reserves to regenerate more quickly.
   Int:       It affects your intelligence (-3).
 N - a +0 cloak (melded)
 O - a +2 pair of boots of flying (melded)
Jewellery
 d - a ring of protection from fire
 B - a ring of protection from cold
 V - the ring of the Tortoise (left foreclaw) {AC+8}
   (You found it on level 2 of the Depths)

   [ring of protection]

   AC:        It affects your AC (+8).
 X - the ring of the Blue Skies (right foreclaw) {Will+++ AC+4 Str+4 Int-4 SInv}
   (You found it in a Gauntlet)

   [ring of protection]

   AC:        It affects your AC (+4).
   Str:       It affects your strength (+4).
   Int:       It affects your intelligence (-4).
   SInv:      It lets you see invisible.
   Will:      It greatly increases your willpower.
 Y - the amulet of the Four Winds (around neck) {rN+ Will+++ Clar}
   (You took it off a minotaur in a Gauntlet)

   [amulet of nothing]

   rN:        It protects you from negative energy.
   Clar:      It protects you against confusion.
   Will:      It greatly increases your willpower.
Wands
 g - a wand of iceblast (43)
 k - a wand of digging (18)
 K - a wand of acid (28)
 W - a wand of flame (14)
Scrolls
 f - 9 scrolls of silence
 j - 6 scrolls of magic mapping
 l - 9 scrolls of noise
 n - 17 scrolls of teleportation
 o - 7 scrolls of brand weapon
 p - 3 scrolls of fog
 s - 24 scrolls of identify
 t - 16 scrolls of immolation
 u - a scroll of enchant weapon
 x - 4 scrolls of amnesia
 y - 6 scrolls of enchant armour
 F - a scroll of poison
 H - a scroll of summoning
 S - 8 scrolls of blinking
 Z - 4 scrolls of fear
Potions
 a - 10 potions of lignification
 b - 8 potions of berserk rage
 c - 12 potions of ambrosia
 h - 5 potions of resistance
 i - 15 potions of heal wounds
 m - 5 potions of magic
 q - 3 potions of invisibility
 r - 12 potions of might
 v - 17 potions of curing
 z - 8 potions of attraction
 A - 14 potions of brilliance
 C - 6 potions of haste
 G - 2 potions of flight
 I - 6 potions of mutation
 T - 2 potions of cancellation
Miscellaneous
 J - a condenser vane


   Skills:
 + Level 22.3 Fighting
 - Level 15.0 Dodging
 - Level 22.0 Unarmed Combat
 - Level 15.0 Spellcasting
 - Level 10.0 Conjurations
 - Level 10.0 Translocations
 - Level 17.0 Transmutations
 - Level 15.0 Fire Magic
 - Level 4.0 Air Magic


You had 14 spell levels left.
You knew the following spells:

 Your Spells              Type           Power      Damage    Failure   Level
a - Beastly Appendage     Tmut           100%       N/A       0%          1
b - Dragon Form           Tmut           34%        N/A       3%          7
c - Sticky Flame          Conj/Fire      58%        2d7       1%          4
d - Mephitic Cloud        Conj/Pois/Air  31%        N/A       1%          3
e - Ignite Poison         Fire/Tmut/Pois 53%        N/A       1%          3
f - Fireball              Conj/Fire      29%        3d13      1%          5
g - Manifold Assault      Tloc           51%        N/A       1%          4
h - Vhi's Electric Charg  Tloc/Air       80%        N/A       1%          3
i - Starburst             Conj/Fire      29%        6d9       4%          6
j - Blink                 Tloc           100%       N/A       1%          2

Your spell library contained the following spells:

 Spells                   Type           Power      Damage    Failure   Level
 Scorch                   Fire           100%       2d10      0%          2
 Wereblood                Tmut           68%        N/A       0%          2
 Apportation              Tloc           100%       N/A       1%          1
 Foxfire                  Conj/Fire      100%       2x1d9     1%          1
 Kiss of Death            Conj/Necr      100%       2d13      1%          1
 Magic Dart               Conj           100%       1d8       1%          1
 Sting                    Tmut/Pois      100%       1d8       1%          1
 Momentum Strike          Conj/Tloc      100%       3d10      1%          2
 Static Discharge         Conj/Air       80%        2-6/arc   1%          2
 Dazzling Flash           Conj/Hex       66%        N/A       1%          3
 Hailstorm                Conj/Ice       33%        3d8       1%          3
 Inner Flame              Hex/Fire       42%        N/A       1%          3
 Kindle Blastsparks       Fire/Tloc/Air  100%       2d18      1%          3
 Lesser Beckoning         Tloc           100%       N/A       1%          3
 Portal Projectile        Hex/Tloc       66%        N/A       1%          3
 Spider Form              Tmut/Pois      46%        N/A       1%          3
 Stone Arrow              Conj/Erth      66%        3d11      1%          3
 Flame Wave               Conj/Fire      58%        2d14      1%          4
 Ice Form                 Ice/Tmut       46%        N/A       1%          4
 Iskenderun's Mystic Bla  Conj/Tloc      51%        2d11      1%          4
 Petrify                  Tmut/Erth      46%        N/A       1%          4
 Poisonous Vapours        Pois/Air       42%        N/A       3%          2
 Alistair's Intoxication  Tmut/Pois      30%        N/A       3%          5
 Freeze                   Ice            56%        1d7       4%          1
 Necrotise                Necr           56%        1d6       4%          1
 Summon Small Mammal      Summ           56%        N/A       4%          1
 Cigotuvi's Dreadful Rot  Necr/Pois/Air  38%        N/A       4%          2
 Fulminant Prism          Conj/Hex       16%        3d10      5%          4
 Call Imp                 Summ           14%        N/A       7%          2
 Ensorcelled Hibernation  Hex/Ice        28%        N/A       7%          2
 Arcjolt                  Conj/Air       20%        1d30      7%          5
 Lightning Bolt           Conj/Air       20%        1d35      7%          5
 Airstrike                Air            14%        2d(3-19)  9%          4
 Dispersal                Tloc           25%        N/A       11%         6
 Call Canine Familiar     Summ           14%        N/A       13%         3
 Confusing Touch          Hex            14%        N/A       13%         3
 Frozen Ramparts          Ice            28%        1d5       13%         3
 Ozocubu's Armour         Ice            14%        N/A       13%         3
 Summon Guardian Golem    Hex/Summ       14%        N/A       13%         3
 Summon Lightning Spire   Summ/Air       21%        N/A       19%         4
 Freezing Cloud           Conj/Ice/Air   15%        6-21      19%         5
 Statue Form              Tmut/Erth      30%        N/A       21%         6
 Anguish                  Hex/Necr       7%         N/A       41%         4
 Cause Fear               Hex            7%         N/A       41%         4
 Dispel Undead            Necr           14%        3d10      41%         4
 Olgreb's Toxic Radiance  Pois           14%        N/A       41%         4
 Summon Ice Beast         Ice/Summ       14%        N/A       41%         4
 Orb of Destruction       Conj           25%        9d9       52%         7
 Ignition                 Fire           31%        3d10      52%         8
 Lee's Rapid Deconstruct  Erth           7%         3d6*      77%         5
 Metabolic Englaciation   Hex/Ice        7%         N/A       77%         5
 Malign Gateway           Summ/Tloc      16%        N/A       99%         7
 Spellforged Servitor     Conj/Summ      16%        N/A       99%         7
 Disjunction              Tloc           25%        N/A       99%         8
 Simulacrum               Ice/Necr       7%         N/A       100%        6
 Summon Cactus Giant      Summ           7%         N/A       100%        6
 Discord                  Hex            7%         N/A       100%        8
 Lehudib's Crystal Spear  Conj/Erth      16%        10d5      100%        8
 Chain Lightning          Conj/Air       20%        3d26      100%        9
 Dragon's Call            Summ           7%         N/A       100%        9
 Fire Storm               Conj/Fire      29%        8d7       100%        9
 Polar Vortex             Ice            7%         N/A       100%        9
 Shatter                  Erth           7%         3d9*      100%        9
 Animate Armour           Summ/Erth      Unusable   N/A       N/A         4

Dungeon Overview and Level Annotations

Branches:
Dungeon (15/15)            Temple (1/1) D:7            Lair (5/5) D:8
  Swamp (4/4) Lair:2       Spider (4/4) Lair:3        Slime (0/5) Lair:5
    Orc (2/2) D:9             Elf (3/3) Orc:2        Vaults (5/5) D:14
  Crypt (0/3) Vaults:3     Depths (4/4) D:15            Zot (0/5) Depths:4
  IceCv (visited)         Volcano (visited)         Gauntlet (visited)

Altars:
Ashenzari
Cheibriados
Dithmenos
Elyvilon
Fedhas
Gozag
Hepliaklqana
Kikubaaqudgha
Makhleb
Nemelex Xobeh
Okawaru
Qazlal
Ru
Sif Muna
Trog
Uskayaw
Vehumet
Wu Jian
Xom
Yredelemnul
Zin
The Shining One
Jiyva

Shops:
D:12 :   D:13 [   D:15 [   Orc:1 *   Orc:2 !**(   Elf:1 ==   Elf:2 (:=:
Elf:3 (:[[   Depths:1 *

Portals:
Hell: Depths:1 Depths:2 Depths:3 Depths:4
Abyss: Depths:3
Pandemonium: Depths:1 Depths:2 Depths:3
Ziggurat: Depths:4

Annotations:
D:7 1 transporter, exclusion: ice statue, bobfrom10's ghost, novice DESu
D:9 3 runed translucent doors, bobfrom10's ghost, novice GrEE
D:10 2 transporters, PublicAnimeNo1's ghost, journeyman SpEn
Lair:5 2 runed translucent doors
Swamp:3 1 runed translucent door, porkupine's ghost, adept DsNe
Depths:4 1 runed translucent door, Jiegh's ghost, veteran DgFi


Innate Abilities, Weirdness & Mutations

You are a fearsome fire dragon!
You have a powerful clawing attack.
Your giant scaled body is strong and resiliant, but less evasive.
Your breath weapon is enhanced in this form.
You are flying.
Your maximum health is greatly increased.
Your armour is entirely melded.
You are incapable of wielding weapons or throwing items.
You can breathe blasts of fire.
Your fiery red scales are hard. (AC +11)
You cannot fit into any form of body armour.
((Your flesh is heat resistant. (rF+)))
((You are cold-blooded and may be slowed by cold attacks.))
((Your system is resistant to poisons. (rPois)))


Message History

You writhe in agony.
* * * LOW HITPOINT WARNING * * *
The stone giant barely misses you. The tengu reaver barely misses you.
The tengu reaver misses you.
The tengu reaver claws you but does no damage.
You fly upwards.
You feel sick.
There is a stone staircase leading down, spattered with blood here.
Things that are here:
a +0 plate armour; a +1 dire flail
Casting: Starburst (mildly dangerous; 4% risk of failure)
Confirm with . or Enter, or press ? or * to list all spells.
You blink.
You feel sick.
You are no longer poisoned.
The tengu reaver hits you but does no damage.
The tengu reaver pecks you!
* * * LOW HITPOINT WARNING * * *
The tengu reaver claws you.
* * * LOW HITPOINT WARNING * * *
You spin and attack the brown very ugly thing repeatedly.
You maul the brown very ugly thing!!!
You kill the brown very ugly thing!
The Council accepts your kill.
You spin and attack the vault guard repeatedly.
You bite the vault guard!!
The vault guard is severely wounded.
You maul the vault guard!!!!
You kill the vault guard!
The Council accepts your kill.
The sphinx mumbles some strange words.
Something smites you!
* * * LOW HITPOINT WARNING * * *
The tengu reaver attacks as you move away!
The tengu reaver hits you with a +3 dire flail of protection!
* * * LOW HITPOINT WARNING * * *
The tengu reaver pecks you but does no damage.
The tengu reaver claws you but does no damage.
There is an open door here.
The tengu reaver attacks as you move away!
The tengu reaver hits you with a +3 dire flail of protection!!
You die...

##'###.###'##
#.#.#.#[#)#.#
#..#.#.#)#..#
#.#.#.#.#.#.#
####'#.#+#### ########
#...#.#.#...# #......#
#☼§☼##.##.).# #......#
#☼§§#...#...#
#......######D########+###
#......'.☼☼§Q§#....#.....#
#......#○☼§THC#.####.....#
#......#§☼☼☼☼§§.#^.......#
########☼☼☼☼§§#.#.....##.#
#○C○○☼.#..#....#..#
#○§☼○☼.#.##.....#.#
########........#.#
#.....####.#


You could see a sphinx, a stone giant, a tengu reaver and a deep troll.

Vanquished Creatures
  A dread lich (Depths:3)
  Bai Suzhen (Spider:3)
  3 caustic shrikes (Depths:3)
  Xtahua (Depths:4)
  4 golden dragons
  2 bone dragons (Depths:4)
  3 tentacled monstrosities (Depths:3)
  Jorgrun (Swamp:2)
  A lich (Depths:3)
  A walking earthen tome (Depths:3)
  A titan (Vaults:5)
  A walking frostbound tome (Depths:3)
  A walking divine tome (Depths:4)
  2 deep elf master archers (Elf:3)
  Asterion (Depths:2)
  2 quicksilver dragons
  3 deep elf blademasters
  2 thorn hunters
  7 sphinxes
  8 tengu reavers
  A storm dragon (Vaults:4)
  Donald (Spider:3)
  4 fenstrider witches
  7 emperor scorpions
  4 fire giants
  12 vault wardens
  7 frost giants
  3 iron dragons
  A draconian scorcher (Depths:4)
  6 deep elf sorcerers
  5 ghost moths
  A draconian stormcaller (Depths:4)
  3 orc warlords
  Aizul (Spider:2)
  11 ironbound preservers
  6 deep elf elementalists (Elf:3)
  2 spriggan defenders (Depths:3)
  2 caustic shrike skeletons (Depths:2)
  2 broodmothers
  5 war gargoyles
  12 very ugly things
  A juggernaut skeleton (Depths:2)
  14 stone giants
  3 vampire knights
  9 deep elf demonologists
  5 eleionomae
  8 bunyips
  4 ironbound thunderhulks
  2 green draconians (Depths:4)
  A red draconian (Depths:4)
  A black draconian (Depths:4)
  12 dire elephants
  14 deep elf annihilators
  2 yellow draconians (Depths:4)
  A minotaur (Gauntlet)
  A white draconian (Depths:4)
  9 spark wasps
  5 ettins
  3 green deaths
  4 crystal guardians
  Josephine (Orc:1)
  8 great orbs of eyes
  A merfolk impaler (Depths:2)
  A merfolk javelineer (Depths:1)
  2 jiangshi (Depths:2)
  11 yaktaur captains
  7 deep elf high priests
  5 fire dragons
  A shambling mangrove (Swamp:1)
  Erolcha (D:9)
  12 ice dragons
  3 spriggan air magi
  8 peacekeepers
  5 entropy weavers
  29 vault guards
  21 hydras
  5 rakshasas
  23 centaur warriors
  A death knight (D:15)
  4 ghost crabs
  9 boulder beetles
  3 jorogumos
  2 ogre magi
  3 hell beasts
  16 ironbound frosthearts
  29 dancing weapons
  7 two-headed ogres
  15 deep troll earth magi
  3 catoblepae
  2 death scarabs (Gauntlet)
  A hell hog (Depths:1)
  8 alligators
  3 deep troll shamans
  A death yak (Lair:1)
  Urug (Lair:2)
  4 orc high priests (Orc:2)
  6 tengu warriors
  8 spriggan berserkers
  3 vampire magi
  16 hell knights
  A spectral death yak (Gauntlet)
  15 spriggans
  3 pharaoh ants
  A salamander mystic (Depths:1)
  7 sun demons (Depths:1)
  A soul eater (Depths:2)
  18 deep elf knights
  A fire crab (Gauntlet)
  19 iron trolls
  5 steelbarb worms
  A sixfirhy (Depths:3)
  19 skeletal warriors (Depths:2)
  A sea snake (shapeshifter) (Vaults:4)
  4 spriggan druids
  A death drake (Swamp:4)
  4 goliath frogs
  55 deep trolls
  A spectral hydra (Gauntlet)
  2 flayed ghosts (Depths:3)
  6 orb spiders
  6 golden dragon skeletons (Depths:2)
  8 bog bodies
  11 orc knights
  11 swamp dragons
  A phantasmal warrior (Vaults:3)
  4 wizards
  8 deep elf archers
  27 deep elf pyromancers
  Pikel (D:8)
  2 glowing orange brains
  36 deep elf zephyrmancers
  9 ironbound convokers
  A wolf spider (shapeshifter) (Depths:3)
  3 harpies (Vaults:4)
  7 lindwurms
  2 orc sorcerers (Orc:2)
  5 necromancers
  6 elephants (Lair:4)
  An iron dragon zombie (Depths:1)
  3 manticores
  20 wolf spiders
  A shadow dragon skeleton (Depths:2)
  A tengu skeleton (Depths:2)
  29 ugly things
  3 cyclopes
  2 will-o-the-wisps (Swamp:2)
  A shining eye (Depths:1)
  47 slime creatures
  A moth of wrath (shapeshifter) (Vaults:3)
  8 black mambas
  2 iron dragon skeletons (Depths:2)
  3 salamanders (Depths:1)
  A salamander (shapeshifter) (Spider:4)
  2 frost giant skeletons
  2 moths of wrath
  3 fire giant skeletons (Depths:2)
  13 vault sentinels
  5 torpor snails
  2 orange demons
  4 gargoyles
  Joseph (D:7)
  11 cane toads
  An ice statue (IceCv)
  A storm dragon simulacrum (Vaults:3)
  3 molten gargoyles
  An unseen horror (D:13)
  35 yaktaurs
  A rime drake (shapeshifter) (Vaults:3)
  2 komodo dragons (shapeshifter)
  7 komodo dragons
  2 rime drakes
  4 demonic crawlers
  3 tengu conjurers
  An efreet (D:14)
  An ice devil (IceCv)
  2 freezing wraiths
  A hellwing (Depths:3)
  A red devil (Depths:3)
  4 polar bears
  4 anaconda simulacra (IceCv)
  6 trolls
  A bloated husk (Swamp:1)
  21 tyrant leeches
  23 tarantellas
  3 meliai (Spider:4)
  21 hornets
  14 blink frogs
  A dream sheep (shapeshifter) (Depths:3)
  9 dream sheep
  23 jumping spiders
  22 water elementals
  13 flying skulls (Depths:2)
  51 yaks
  7 shadows
  2 spectral black mambas (Gauntlet)
  4 vampires
  A culicivora (shapeshifter) (Vaults:3)
  26 culicivoras
  3 ettin skeletons
  9 wraiths
  6 fire bats (Gauntlet)
  A wyvern (shapeshifter) (Depths:3)
  A ynoxinul (Depths:2)
  2 air elementals
  5 wyverns
  4 spriggan skeletons
  2 fire elementals (Elf:3)
  7 basilisks
  25 vampire mosquitoes
  A chaos spawn (Depths:3)
  2 large abominations
  2 steam dragons
  A redback (shapeshifter) (Vaults:3)
  65 redbacks
  5 death yak simulacra (IceCv)
  20 swamp worms
  3 wargs (Orc:1)
  An acid dragon (D:13)
  A hydra simulacrum (IceCv)
  A glowing shapeshifter zombie (Depths:1)
  5 swamp drakes
  9 water moccasins
  Duvessa (D:4)
  3 hell hounds
  An ice beast (shapeshifter) (Depths:3)
  A water moccasin (shapeshifter) (Vaults:3)
  31 orc warriors
  4 glowing shapeshifter skeletons
  An ice beast (D:6)
  A sky beast (D:7)
  2 black bears
  12 wolves
  An ogre (Orc:2)
  2 lemures (D:8)
  6 small abominations
  11 centaurs
  A phantom (D:4)
  A kobold brigand (D:8)
  A bullfrog (shapeshifter) (Depths:3)
  4 earth elementals
  A necrophage (D:6)
  5 scorpions
  10 bullfrogs
  3 cane toad simulacra (IceCv)
  4 two-headed ogre simulacra (IceCv)
  Dowan (D:4)
  17 wights
  5 elephant simulacra (IceCv)
  8 killer bees
  9 electric eels
  7 lava snakes
  5 jellies
  29 orc priests
  3 hounds
  A gnoll bouda (D:5)
  6 iguanas
  Terence (D:3)
  36 orc wizards
  5 troll simulacra (IceCv)
  2 polar bear simulacra (IceCv)
  5 spriggan simulacra (IceCv)
  2 wolf simulacra (IceCv)
  13 gnolls
  9 adders
  6 naga simulacra (IceCv)
  4 white imps
  5 ufetubi
  A worm (D:2)
  A dart slug (D:5)
  86 orcs
  2 endoplasms (D:2)
  A giant cockroach (D:1)
  12 goblins
  4 hobgoblins
  4 jackals (D:5)
  10 kobolds
  A quokka (D:2)
  5 ball pythons
  4 bats
  4 frilled lizards
  5 rats
  A plant (Depths:1)
1939 creatures vanquished.

Vanquished Creatures (others)
  A vault guard (Vaults:5)
  A shadow wraith (D:14)
  A deep troll (Vaults:5)
  A bloated husk (Swamp:1)
  A tarantella (Spider:4)
  2 orc wizards (D:9)
  3 briar patches (Swamp:2)
  6 foxfires (Swamp:2)
  6 fungi
  84 plants
106 creatures vanquished.

Grand Total: 2045 creatures vanquished

Notes
Turn   | Place    | Note
-------+----------+-------------------------------------------
     0 | D:1      | Stormy the Draconian Transmuter began the quest for the
                  | Orb.
     0 | D:1      | Reached XP level 1. HP: 16/16 MP: 3/3
   472 | D:1      | Reached XP level 2. HP: 24/24 MP: 5/5
   932 | D:2      | Reached XP level 3. HP: 30/30 MP: 6/6
   949 | D:2      | Got the Volume of the Pink Corner
  1089 | D:2      | Reached XP level 4. HP: 17/38 MP: 5/7
  1724 | D:3      | Found a glowing silver altar of Zin.
  1753 | D:3      | Noticed Terence
  1766 | D:3      | Killed Terence
  2024 | D:3      | Reached XP level 5. HP: 46/46 MP: 6/8
  2281 | D:3      | Identified the +1 leather armour of Anick {-Cast +Blink
                  | Dex+2 SInv}
  2648 | D:4      | Reached skill level 5 in Unarmed Combat
  2794 | D:4      | Noticed Dowan
  2807 | D:4      | Noticed Duvessa
  2842 | D:4      | Killed Duvessa
  2843 | D:4      | Reached skill level 5 in Fighting
  2843 | D:4      | Reached XP level 6. HP: 15/56 MP: 7/9
  2845 | D:4      | Killed Dowan
  3097 | D:4      | Found a shimmering blue altar of Sif Muna.
  3143 | D:4      | Your scales start taking on a fiery red colour.
  3143 | D:4      | Reached XP level 7. HP: 49/62 MP: 8/10
  3143 | D:4      | Gained mutation: Your flesh is heat resistant. (rF+) [Red
                  | Draconian growth]
  3219 | D:4      | Found a sparkling altar of Nemelex Xobeh.
  3825 | D:5      | Entered Level 5 of the Dungeon
  4932 | D:5      | Noticed a steam dragon
  4934 | D:5      | Killed a steam dragon
  4940 | D:5      | Reached XP level 8. HP: 67/71 MP: 9/11
  6200 | D:7      | Noticed Joseph
  6220 | D:7      | Killed Joseph
  6221 | D:7      | Reached XP level 9. HP: 24/83 MP: 12/12
  6419 | D:7      | Found a shadowy altar of Dithmenos.
  6663 | D:7      | Found a transporter.
  6749 | D:7      | Found a transporter.
  6749 | D:7      | Noticed an ice statue
  6756 | D:7      | Noticed bobfrom10's ghost (novice DESu)
  6757 | D:7      | Noticed a cyclops
  7018 | D:7      | Found a staircase to the Ecumenical Temple.
  7042 | D:7      | Reached skill level 10 in Fighting
  7371 | Temple   | Entered the Ecumenical Temple
  7380 | Temple   | Became a worshipper of the Wu Jian Council
  7997 | D:7      | Identified a scroll of acquirement
  7997 | D:7      | Acquired the +3 Mad Mage's Maulers {Infuse+∞ RegenMP Int-3}
  7997 | D:7      | Found the +3 Mad Mage's Maulers {Infuse+∞ RegenMP Int-3}
  8019 | D:8      | Found a staircase to the Lair.
  8033 | D:8      | Reached skill level 10 in Unarmed Combat
  8226 | D:8      | Noticed Pikel
  8229 | D:8      | Killed Pikel
  8230 | D:8      | Reached XP level 10. HP: 94/94 MP: 1/14
  8696 | D:8      | Reached * piety under Wu Jian
  8897 | D:8      | Found a broken altar of Ashenzari.
  9228 | D:8      | Found a hide-covered altar of Uskayaw.
  9376 | D:9      | Identified the +6 dagger of Defenestration {flame, rElec
                  | rC+ rN+}
  9590 | D:9      | Found a runed translucent gate.
  9591 | D:9      | Noticed bobfrom10's ghost (novice GrEE)
  9591 | D:9      | Found a runed translucent gate.
  9592 | D:9      | Found a runed translucent gate.
  9599 | D:9      | Identified the +1 pair of gloves of Ahekkol {rPois}
  9653 | D:9      | Reached ** piety under Wu Jian
  9918 | D:9      | Noticed Erolcha
  9931 | D:9      | Killed Erolcha
  9932 | D:9      | Reached skill level 5 in Transmutations
 10116 | D:9      | Reached XP level 11. HP: 97/104 MP: 0/18
 10228 | D:9      | Reached skill level 5 in Spellcasting
 10381 | D:9      | Found a staircase to the Orcish Mines.
 10850 | D:10     | Entered Level 10 of the Dungeon
 10920 | D:10     | Found an iron altar of Okawaru.
 11162 | D:10     | Noticed a tengu warrior
 11287 | D:10     | Found a radiant altar of Vehumet.
 11742 | D:10     | Noticed a two-headed ogre
 11743 | D:10     | Found a bloodstained altar of Trog.
 11743 | D:10     | Noticed PublicAnimeNo1's ghost (journeyman SpEn)
 11750 | D:10     | Found a transporter.
 11767 | D:10     | Found a transporter.
 12278 | Lair:1   | Entered Level 1 of the Lair of Beasts
 12420 | Lair:1   | Reached skill level 5 in Dodging
 12540 | Lair:1   | Reached *** piety under Wu Jian
 12657 | Lair:1   | Noticed a death yak
 12789 | Lair:1   | Killed a death yak
 13069 | Lair:1   | Learned a level 7 spell: Dragon Form
 13458 | Lair:2   | Noticed Urug
 13463 | Lair:2   | Killed Urug
 13464 | Lair:2   | Reached XP level 12. HP: 115/115 MP: 0/19
 13683 | Lair:2   | Found a sacrificial altar of Ru.
 13765 | Lair:2   | Noticed an eight-headed hydra
 13788 | Lair:2   | Killed an eight-headed hydra
 13965 | Lair:2   | Noticed a six-headed hydra
 13971 | Lair:2   | Killed a six-headed hydra
 14367 | Lair:2   | Found a staircase to the Swamp.
 15037 | Lair:3   | Identified the ring "Muir" {Int+4 Dex+6 Slay+2}
 15041 | Lair:3   | Noticed a five-headed hydra
 15049 | Lair:3   | Killed a five-headed hydra
 15135 | Lair:3   | Found a hole to the Spider Nest.
 15181 | Lair:3   | Reached **** piety under Wu Jian
 15391 | Lair:3   | Found a dark tunnel.
 15399 | Volcano  | Entered a volcano
 15703 | Volcano  | Found a burning altar of Makhleb.
 15703 | Volcano  | Noticed a two-headed ogre
 15703 | Volcano  | Noticed an ogre mage
 15703 | Volcano  | Noticed a two-headed ogre
 15703 | Volcano  | Noticed a two-headed ogre
 15705 | Volcano  | Killed a two-headed ogre
 15709 | Volcano  | Killed a two-headed ogre
 15714 | Volcano  | Killed a two-headed ogre
 15717 | Volcano  | Killed an ogre mage
 15872 | Volcano  | Noticed a two-headed ogre
 15880 | Volcano  | Killed a two-headed ogre
 16193 | Volcano  | Reached XP level 13. HP: 125/125 MP: 0/20
 17017 | Lair:4   | Reached skill level 15 in Fighting
 17905 | Lair:4   | Reached ***** piety under Wu Jian
 18116 | Lair:4   | Identified the +8 dagger of Duhaas {venom, SInv}
 18408 | Lair:5   | Entered Level 5 of the Lair of Beasts
 18414 | Lair:5   | Found a viscous altar of Jiyva.
 18414 | Lair:5   | Found a staircase to the Slime Pits.
 18732 | Lair:5   | Reached skill level 10 in Transmutations
 18950 | Lair:5   | Reached skill level 15 in Unarmed Combat
 19495 | Lair:5   | Learned a level 4 spell: Sticky Flame
 19499 | Lair:5   | Learned a level 3 spell: Mephitic Cloud
 19503 | Lair:5   | Learned a level 3 spell: Ignite Poison
 20009 | Lair:5   | Found a large runed translucent door.
 20009 | Lair:5   | Noticed a fire dragon
 20010 | Lair:5   | Found a large runed translucent door.
 20213 | D:11     | Found a gate leading to a gauntlet.
 20246 | Gauntlet | Entered a Gauntlet
 20246 | Gauntlet | Found a transporter.
 20256 | Gauntlet | Found a transporter.
 20256 | Gauntlet | Found a transporter.
 20257 | Gauntlet | Found a transporter.
 20265 | Gauntlet | Found a transporter.
 20268 | Gauntlet | Found a transporter.
 20269 | Gauntlet | Found a transporter.
 20277 | Gauntlet | Found a transporter.
 20280 | Gauntlet | Found a transporter.
 20281 | Gauntlet | Found a transporter.
 20289 | Gauntlet | Found a transporter.
 20292 | Gauntlet | Found a transporter.
 20293 | Gauntlet | Found a transporter.
 20301 | Gauntlet | Found a transporter.
 20649 | Gauntlet | Reached XP level 14. HP: 113/135 MP: 1/21
 20697 | Gauntlet | Identified the -1 pair of gloves of the Old World {Str+4}
 20912 | Gauntlet | Identified the ring of the Blue Skies {Will+++ AC+4 Str+4
                  | Int-4 SInv}
 21349 | D:11     | Identified the ring of Dim Light {Wiz rPois}
 21656 | D:11     | Found a portal to a secret trove of treasure.
 21991 | D:12     | Found a frozen archway.
 22009 | D:12     | Found Nator's Book Shop.
 22107 | IceCv    | Entered an ice cave
 22702 | IceCv    | Reached ****** piety under Wu Jian
 22819 | IceCv    | Found the +4 skin of Zhor {*Englaciate rC+++ SInv}
 23062 | IceCv    | Got Aciphot's Treatise on Frostbite
 23345 | D:12     | Acquired 722 gold pieces
 24823 | D:12     | Identified the +1 pair of boots "Yduykol" {SInv}
 24995 | D:13     | Found Duiliday's Antique Armour Shoppe.
 25938 | D:13     | Reached XP level 15. HP: 135/141 MP: 1/27
 26659 | D:14     | Reached skill level 15 in Transmutations
 27049 | D:14     | Found a gate to the Vaults.
 27557 | D:15     | Entered Level 15 of the Dungeon
 27839 | D:15     | Found Iroym's Armour Emporium.
 27922 | D:15     | Reached skill level 10 in Spellcasting
 28326 | D:15     | Found a burning altar of Makhleb.
 28326 | D:15     | Noticed an Executioner
 28785 | D:15     | Found a staircase to the Depths.
 30231 | Orc:1    | Entered Level 1 of the Orcish Mines
 30243 | Orc:1    | Found Zorrausi's CLEARANCE SALE!.
 30520 | Orc:1    | Bought a book of Fire for 90 gold pieces
 30529 | Orc:1    | Learned a level 5 spell: Fireball
 30653 | Orc:2    | Entered Level 2 of the Orcish Mines
 31746 | Orc:2    | Found a staircase to the Elven Halls.
 32137 | Orc:2    | Found a bloodstained altar of Trog.
 32513 | Orc:2    | Found Okumnay's General Store.
 32513 | Orc:2    | Found Anigyus's Antique Weapon Boutique.
 32513 | Orc:2    | Found Imorask's General Store.
 32516 | Orc:2    | Found Wukude's Distillery.
 32603 | Orc:1    | Found a shimmering altar of Xom.
 32603 | Orc:1    | You are sucked into a shaft and drop 1 floor!
 32668 | Orc:1    | Noticed Josephine
 32943 | Orc:1    | Killed Josephine
 32944 | Orc:1    | Reached skill level 1 in Conjurations
 32944 | Orc:1    | Reached skill level 1 in Fire Magic
 33292 | Swamp:1  | Entered Level 1 of the Swamp
 33333 | Swamp:1  | Noticed a thorn hunter
 33343 | Swamp:1  | Killed a thorn hunter
 33763 | Swamp:1  | Reached skill level 5 in Fire Magic
 34027 | Swamp:1  | Reached skill level 5 in Conjurations
 34027 | Swamp:1  | Reached XP level 16. HP: 149/149 MP: 30/30
 34943 | Swamp:2  | Noticed Jorgrun
 34954 | Swamp:2  | Killed Jorgrun
 35075 | Swamp:2  | Reached skill level 10 in Fire Magic
 35152 | Swamp:2  | Noticed a thorn hunter
 35425 | Swamp:2  | Killed a thorn hunter
 36192 | Swamp:3  | Found a runed translucent door.
 36192 | Swamp:3  | Noticed porkupine's ghost (adept DsNe)
 36337 | Swamp:3  | Identified the +9 trident of the Two Names {vamp, Will++
                  | MP+9}
 36780 | Swamp:4  | Entered Level 4 of the Swamp
 37249 | Swamp:3  | Reached XP level 17. HP: 155/158 MP: 20/31
 38336 | Swamp:4  | Identified the +0 scale mail "Essoty" {rElec rN+}
 38631 | Swamp:4  | Reached skill level 10 in Dodging
 38735 | Swamp:4  | Got a decaying rune of Zot
 39090 | Spider:1 | Entered Level 1 of the Spider Nest
 40112 | Spider:2 | Noticed Aizul
 40119 | Spider:2 | Killed Aizul
 41533 | Spider:3 | Noticed Donald
 41541 | Spider:3 | Killed Donald
 41737 | Spider:3 | Noticed Bai Suzhen
 41748 | Spider:3 | Killed Bai Suzhen
 41960 | Spider:4 | Entered Level 4 of the Spider Nest
 42199 | Spider:3 | Reached XP level 18. HP: 171/171 MP: 26/32
 44071 | Spider:4 | Got a gossamer rune of Zot
 44392 | Vaults:1 | Entered Level 1 of the Vaults
 46251 | Vaults:1 | Identified the +2 shortbow of Raukk {drain, rElec Will+}
 47035 | Vaults:2 | HP: 12/259 [boulder beetle simulacrum[a necromancer] (22)]
 47451 | Vaults:2 | Reached XP level 19. HP: 180/180 MP: 33/33
 48508 | Vaults:2 | Identified the +1 scale mail "Yquagh" {Dex+4 Stlth-}
 48757 | Vaults:2 | Identified the +10 scale mail of Xaletoid {Harm +Blink rC+
                  | Dex+4}
 49155 | Vaults:3 | Found a flickering gateway to a bazaar.
 49175 | Bazaar   | Entered a bazaar
 49179 | Bazaar   | Found Uklaogy's Distillery.
 49197 | Bazaar   | Found Ycockar's Antique Armour Shoppe.
 49215 | Bazaar   | Found Etwaiclahu's Book Boutique.
 49232 | Bazaar   | Found Faul's Armour Emporium.
 49255 | Bazaar   | Bought a potion of mutation for 88 gold pieces
 49255 | Bazaar   | Bought a potion of mutation for 88 gold pieces
 50883 | Vaults:3 | Found a staircase to the Crypt.
 50883 | Vaults:3 | Found a basalt altar of Yredelemnul.
 50883 | Vaults:3 | Found an ancient bone altar of Kikubaaqudgha.
 51104 | Vaults:3 | Reached XP level 20. HP: 187/193 MP: 34/34
 51322 | Vaults:3 | Identified the ring of Sovereignty {Will+ Int+4 Dex+6
                  | Slay-3}
 51382 | Vaults:3 | Gained mutation: You are dopey. (Int -2) [potion of
                  | mutation]
 51382 | Vaults:3 | Gained mutation: You are somewhat resistant to further
                  | mutation. [potion of mutation]
 51383 | Vaults:3 | Lost mutation: You are somewhat resistant to further
                  | mutation. [potion of mutation]
 51383 | Vaults:3 | Lost mutation: You are dopey. (Int -2) [potion of mutation]
 51383 | Vaults:3 | Gained mutation: Your system is resistant to poisons.
                  | (rPois) [potion of mutation]
 53768 | Depths:1 | Entered Level 1 of the Depths
 54327 | Depths:1 | Found a gateway to Hell.
 54564 | Depths:1 | Found a one-way gate leading to the halls of Pandemonium.
 54949 | Depths:1 | Found Buipolox's Serpentskin Sales.
 55457 | D:11     | You paid a toll of 5 scrolls of fog to enter a treasure
                  | trove
 55458 | Trove    | Entered a treasure trove
 55469 | Trove    | Identified the ring "Ateod" {rCorr Str+4}
 55675 | Depths:2 | Noticed Asterion
 55686 | Depths:2 | Killed Asterion
 55687 | Depths:2 | Reached XP level 21. HP: 205/205 MP: 35/35
 55828 | D:12     | Bought a book of the Warp for 714 gold pieces
 55835 | D:12     | Learned a level 4 spell: Manifold Assault
 56054 | Depths:2 | Reached skill level 1 in Translocations
 56937 | Depths:2 | Identified the +2 helmet of Yhiohib {Rampage rF- Will+++
                  | Stlth+}
 56998 | Depths:2 | Identified the +5 shortbow of Nemelex Xobeh's Esteem
                  | {drain, rC++ Int-3 Stlth+}
 57073 | Depths:2 | Found the ring of the Tortoise {AC+8}
 57214 | Depths:2 | Reached skill level 5 in Translocations
 57443 | Depths:2 | Identified the +4 trident of Bodily Harmony {freeze, rCorr}
 57896 | Depths:3 | Reached skill level 15 in Dodging
 58743 | Depths:3 | Identified the +1 chain mail of the Sun {rElec Will-
                  | Slay+2}
 59137 | Depths:3 | Learned a level 3 spell: Vhi's Electric Charge
 59270 | Depths:3 | Noticed a golden dragon
 59276 | Depths:3 | Killed a golden dragon
 59304 | Depths:3 | Reached XP level 22. HP: 215/215 MP: 10/38
 59401 | Depths:3 | Noticed a golden dragon
 59408 | Depths:3 | Killed a golden dragon
 59409 | Depths:3 | Noticed a golden dragon
 59427 | Depths:3 | Killed a golden dragon
 59456 | Depths:3 | Noticed a caustic shrike
 59456 | Depths:3 | Noticed a caustic shrike
 59456 | Depths:3 | Noticed a caustic shrike
 59467 | Depths:3 | Killed a caustic shrike
 59470 | Depths:3 | Killed a caustic shrike
 59471 | Depths:3 | Reached skill level 10 in Translocations
 59471 | Depths:3 | Reached skill level 1 in Air Magic
 59474 | Depths:3 | Killed a caustic shrike
 59558 | Depths:3 | Noticed a dread lich
 59565 | Depths:3 | Killed a dread lich
 60099 | Depths:3 | Identified the +5 war axe of Anguish {protect, Contam Will+
                  | Dex+4 SInv}
 60102 | Depths:3 | Identified the +2 hand axe of Descent {vorpal, rPois}
 60359 | Depths:3 | Found a one-way gate to the infinite horrors of the Abyss.
 60382 | Depths:4 | Entered Level 4 of the Depths
 60489 | Depths:4 | Found a one-way gateway to a ziggurat.
 60556 | Depths:4 | Noticed Xtahua
 60567 | Depths:4 | Killed Xtahua
 61030 | Depths:4 | Noticed a golden dragon
 61041 | Depths:4 | Killed a golden dragon
 61413 | Depths:4 | Found a gate to the Realm of Zot.
 61695 | Depths:4 | Found a runed translucent door.
 61697 | Depths:4 | Noticed Jiegh's ghost (veteran DgFi)
 62373 | Orc:2    | Bought a potion of curing for 45 gold pieces
 62373 | Orc:2    | Bought a scroll of teleportation for 45 gold pieces
 62375 | Orc:2    | Bought a potion of heal wounds for 85 gold pieces
 62375 | Orc:2    | Bought a scroll of blinking for 127 gold pieces
 62376 | Orc:2    | Bought 2 potions of curing for 84 gold pieces
 62376 | Orc:2    | Bought a potion of haste for 140 gold pieces
 62402 | Elf:1    | Entered Level 1 of the Elven Halls
 62596 | Elf:1    | Found Rinimyen's Jewellery Boutique.
 62745 | Elf:1    | Found Piseol's Jewellery Shoppe.
 63098 | Elf:1    | Found an ancient bone altar of Kikubaaqudgha.
 63879 | Elf:2    | Reached XP level 23. HP: 223/223 MP: 32/39
 63911 | Elf:2    | Found a runed translucent gate.
 63912 | Elf:2    | Found a runed translucent gate.
 63912 | Elf:2    | Found a runed translucent gate.
 63939 | Elf:2    | Found Bytuaps's Book Shoppe.
 63939 | Elf:2    | Found Lotutaal's Jewellery Boutique.
 63940 | Elf:2    | Found Vaorchawn's Book Shoppe.
 63981 | Elf:2    | Found Xowydgh's Antique Weapon Boutique.
 64043 | Elf:2    | Reached skill level 10 in Conjurations
 64112 | Elf:2    | Found a crumbling gateway.
 64462 | Elf:2    | Learned a level 6 spell: Starburst
 64693 | Elf:3    | Entered Level 3 of the Elven Halls
 64796 | Elf:3    | Found Etourias's Antique Armour Emporium.
 64819 | Elf:3    | Found Asec's Armour Emporium.
 64872 | Elf:3    | Reached skill level 15 in Fire Magic
 64972 | Elf:3    | Found Sibbike's Weapon Shoppe.
 65019 | Elf:3    | Found Ruolevo's Book Shoppe.
 65063 | Elf:3    | Bought the Meditations on Elsewhere for 480 gold pieces
 65476 | Elf:3    | Identified the +1 great sword "Qexteah" {pain, rElec rF+}
 65502 | Elf:3    | Paralysed by an air elemental for 1 turns
 65513 | Elf:3    | Identified the ring of Greed {Ice rN+ Str-2 Dex+3}
 65772 | Elf:3    | Learned a level 2 spell: Blink
 65869 | Elf:3    | Found the +0 pair of fencer's gloves {Riposte Dex+3}
 65941 | Elf:3    | Identified the +3 quarterstaff of Shrieking Terror {drain,
                  | rPois Dex-3 SInv}
 66571 | Vaults:5 | Entered Level 5 of the Vaults
 66934 | Vaults:5 | Reached skill level 15 in Spellcasting
 66944 | Vaults:4 | HP: 12/336 [tengu reaver/+3 dire flail of protection (16)]
 66945 | Vaults:4 | Slain by a tengu reaver

Illustrated notes

Levels and vault maps discovered:
D:1:      nzn_arrival_depleted_hourglass, layout_basic
D:2:      layout_basic
D:3:      minmay_inner_zag, layout_basic, lemuel_coloured_pillars_altar,
          minivault_26, serial_bayou_pond_e, uniq_terence
D:4:      layout_basic, nicolae_sif_muna_condensation,
          nemelex_xobeh_ov_fountains_minmay, uniq_duvessa
D:5:      layout_layer_cave
D:6:      layout_basic, kennysheep_generic_room_14
D:7:      layout_gridville, mainiacjoe_overflow_chevrons,
          minmay_temple_entry_enclosed_plants, nzn_ghost_randoct,
          roderic_filled_cross, uniq_joseph, uniq_crazy_yiuf_cottage
D:8:      layout_loops_cross, cheibrodos_ashenzari_chains,
          mainiacjoe_overflow_alcove_1, david_lair_generic,
          supply_closet_lemuel, dk_noncrumbling_4, uniq_pikel
D:9:      layout_roguey, erik_orc_2, biasface_ghost_orc_armoury, uniq_erolcha
D:10:     layout_long_grid, mainiacjoe_overflow_alcove_4,
          gammafunk_ghost_wrathful_warriors, david_defended_altar_orc
D:11:     layout_basic, nicolae_trove_entry_diagonal, gauntlet_entry_generic,
          minivault_12
D:12:     minmay_quarter_circles, layout_basic, serial_shops,
          nicolae_shop_advertising_works [nicolae_subvault_shop_adworks],
          portal_ice_cave_entry_pillars_2
D:13:     layout_roguey, serial_shops, nicolae_shop_waterfront
D:14:     layout_irregular_city, david_vaults_4, minivault_24
D:15:     grunt_enter_depths_hoard, layout_layer_cave, serial_shops,
          nicolae_inconvenience_store, serial_bayou_shore_b,
          makhleb_altar_promises_db
Temple:   hellmonk_temple_two_chambers
Lair:1:   layout_cave_shapes, minivault_27, guppyfry_lair_drakes,
          serial_bayou_shore_b
Lair:2:   layout_loops_ring, palyth_hydra_swamp_entry, basic_altar,
          grunt_megastairs_4, uniq_urug
Lair:3:   layout_misc_corridors, spider_nest_entry_web_field,
          lightli_volcano_entry_magma_tube, serial_bayou_shore_b,
          grunt_megastairs_3
Lair:4:   layout_gridlike, grunt_megastairs_1
Lair:5:   cheibrodos_lair_end_hotspot, layout_regular_city, slime_entry_1,
          gammafunk_lair_bear_cave
Swamp:1:  layout_falls_marsh, nicolae_swamp_tree_designs, swamp_pool5,
          nicolae_swamp_very_dense_foliage
Swamp:2:  layout_basic_swamp, evilmike_swamp_ruin_house_2, swamp_pool1,
          worms_lemuel, infiniplex_staircase_pool, uniq_jorgrun
Swamp:3:  layout_basic_swamp, gammafunk_ghost_grave, evilmike_swamp_ruin_house_4
Swamp:4:  swamp_vile, layout_basic_swamp
Spider:1: layout_spider_delve
Spider:2: layout_spider_delve, uniq_aizul
Spider:3: layout_spider_delve, nicolae_spider_swamp_cousins, uniq_donald,
          uniq_bai_suzhen
Spider:4: spider_rune_water, nicolae_spider_webs_and_nodes,
          hellmonk_deceptive_appearances
Orc:1:    layout_caves, basic_altar, nicolae_shop_clearance, uniq_josephine
Orc:2:    st_orc_mages, layout_diamond_mine, basic_altar
Elf:1:    layout_onion_city, serial_shops, shop, shop, basic_altar,
          kennysheep_underground_church
Elf:2:    nicolae_elf_blades_crystal_corner, layout_gridlike,
          portal_desolation_entry_twin_temple, serial_shops, shop_statue,
          lemuel_upstairs_altar, minmay_shop_grove
Elf:3:    nooodl_elf_gasket, layout_geoelf_castle, serial_shops, shop,
          nicolae_shop_behind_doors, shop_fountains, nicolae_shop_behind_doors
Vaults:1: ontoclasm_vaults_claustrophobia, grunt_vaults_focal,
          hangedman_vaults_stretched_pinwheel, grunt_vaults_hallway_short,
          ontoclasm_vaults_chip, layout_vaults_omnigrid
Vaults:2: v_misc_5, vaults_dpeg_cross, nicolae_vaults_alarming,
          hangedman_vaults_trim, v_pattern_1, v_rooms_3, vaults_mumra_hex,
          nicolae_vaults_circle_grid_a, ontoclasm_vaults_ring_square,
          ontoclasm_vaults_shuriken, nicolae_vaults_display_case,
          vaults_mumra_lcd, layout_vaults_ring
Vaults:3: st_greater_box_4, v_alt_pattern_5, hangedman_vaults_stitches,
          hangedman_vaults_nails, minmay_crypt_entry_necro_gods, v_misc_25,
          vaults_dpeg_diagonal, layout_vaults_big_room, serial_shops,
          bzr_entry_customers
Vaults:4: vaults_room_ringed_pool, nicolae_vaults_circle_grid_b,
          nicolae_vaults_little_squares_3, hangedman_vaults_locks,
          nicolae_vaults_border_crossing, v_rooms_1,
          hangedman_vaults_variations, ontoclasm_vaults_ligature, v_pattern_3,
          nicolae_vaults_yaktaur_gun_rack, nicolae_vaults_little_squares_1,
          nicolae_vaults_big_angled_halls, nicolae_vaults_little_squares_2,
          layout_vaults_omnibox
Vaults:5: serial_shops
Depths:1: layout_small_grid, nicolae_hell_entry_hellmouth_sunbeams, pan_entry,
          grunt_decor_arrowhead, guppyfry_shop_venom, grunt_megastairs_5,
          serial_bayou_shore_a
Depths:2: minmay_skeleton_keep, layout_gridlike, pf_hell_entry_great_geh,
          rand_demon_pan_entry_5, minmay_guarded_unrand_tortoise,
          infiniplex_staircase_pool_2, serial_bayou_shore_b, uniq_asterion
Depths:3: grunt_twisty_corner, layout_basic, abyss_entry,
          minmay_misc_feat_columns, pf_coc_iceberg, rand_demon_pan_entry_8,
          grunt_decor_cap, grunt_ministairs_12
Depths:4: grunt_zot_entry_gee_three, layout_honeycomb, enter_ziggurat_c,
          serial_sigils_hangedman_stare, ebering_ghost_reflecting_pool,
          hell_entry, serial_bayou_lake_a, uniq_xtahua

Skill      XL: |  1  2  3  4  5  6  7  8  9 10 11 12 13 14 15 16 17 18 19 20 21 22 23 |
---------------+----------------------------------------------------------------------+-----
Fighting       | 2 3 5 6 9 10 11 13 14 15 16 17 18 20 21 22 | 22.3
Unarmed Combat | 4 5 6 8 10 11 12 13 15 16 17 19 20 21 22 | 22.0
Dodging        | 3 6 8 12 14 15 | 15.0
Spellcasting   | 3 4 5 8 10 12 15 | 15.0
Transmutations | 3 5 8 12 14 16 17 | 17.0
Conjurations   | 5 8 9 10 | 10.0
Fire Magic     | 5 10 11 12 13 15 | 15.0
Translocations | 9 10 | 10.0
Air Magic      | 4 |  4.0

Action                   |  1- 3 |  4- 6 |  7- 9 | 10-12 | 13-15 | 16-18 | 19-21 | 22-24 || total
-------------------------+-------+-------+-------+-------+-------+-------+-------+-------++-------
Melee: Unarmed           |    81 |   140 |   340 |   471 |  1108 |   834 |   950 |   573 ||  4497
       Tailslap          |    12 |    13 |    32 |    52 |   194 |   126 |   189 |    95 ||   713
       Kick              |    11 |    28 |    63 |   117 |   231 |       |       |       ||   450
       Headbutt          |     6 |    16 |    34 |    73 |   135 |       |       |       ||   264
       Punch             |     1 |     4 |    13 |    34 |    60 |    80 |   143 |    63 ||   398
       Bite              |       |       |       |       |    14 |   106 |   146 |    68 ||   334
 Cast: Beastly Appendage |     9 |    15 |    44 |    57 |    74 |       |       |       ||   199
       Dragon Form       |       |       |       |       |    16 |    91 |    84 |    79 ||   270
       Fireball          |       |       |       |       |       |    19 |     4 |     3 ||    26
       Manifold Assault  |       |       |       |       |       |       |    21 |    14 ||    35
       Vhi's Electric Ch |       |       |       |       |       |       |     3 |    45 ||    48
       Starburst         |       |       |       |       |       |       |       |     8 ||     8
       Blink             |       |       |       |       |       |       |       |     1 ||     1
Invok: Lunge             |       |       |     2 |    23 |    42 |    69 |    87 |    47 ||   270
       Whirlwind         |       |       |       |    25 |   103 |    53 |    25 |    18 ||   224
       Serpent's Lash    |       |       |       |       |       |     1 |       |       ||     1
       Heavenly Storm    |       |       |       |       |       |       |       |     2 ||     2
 Abil: Breathe Fire      |       |       |    26 |    43 |    54 |     8 |     6 |     1 ||   138
  Use: Potion            |       |     1 |       |     4 |     7 |       |     2 |     3 ||    17
       Scroll            |       |       |    12 |     5 |    14 |     1 |     1 |     1 ||    34
 Stab: Distracted        |       |       |       |       |     1 |     2 |     1 |       ||     4
       Sleeping          |       |       |       |       |     1 |     2 |     2 |       ||     5
Armor: Skin              |    26 |    51 |   106 |   176 |   422 |   479 |   303 |   255 ||  1818
Dodge: Dodged            |    53 |    75 |   218 |   353 |   662 |   435 |   336 |   224 ||  2356
Block: Buckler           |       |       |       |       |   120 |       |       |       ||   120

Table legend: (Time is in decaauts)
 A = Elapsed time spent in this place.
 B = Non-inter-level travel time spent in this place.
 C = Inter-level travel time spent in this place.
 D = Time resting spent in this place.
 E = Time spent auto-exploring this place.
 F = Levels seen in this place.
 G = Mean time per level.
                   A        B        C        D        E       F      G
               +--------+--------+--------+--------+--------+-----+--------+
         Total |  65995 |  61624 |   4371 |  22013 |  13137 |  48 | 1374.9 |
       Dungeon |  22242 |  20222 |   2020 |   6180 |   7573 |  15 | 1482.8 |
        Temple |     32 |     32 |      0 |      0 |      0 |   1 |   32.0 |
          Lair |   7229 |   6723 |    506 |   2395 |   1905 |   5 | 1445.8 |
         Swamp |   5484 |   5306 |    178 |   2298 |    969 |   4 | 1371.0 |
   Spider Nest |   5005 |   4737 |    268 |   1992 |    675 |   4 | 1251.2 |
  Orcish Mines |   3074 |   2741 |    333 |   1175 |    290 |   2 | 1537.0 |
   Elven Halls |   3663 |   3563 |    100 |    572 |      0 |   3 | 1221.0 |
        Vaults |   9233 |   8623 |    610 |   3678 |    735 |   5 | 1846.6 |
        Depths |   7252 |   6897 |    355 |   2215 |    933 |   4 | 1813.0 |
        Bazaar |     94 |     94 |      0 |      0 |      0 |   1 |   94.0 |
         Trove |     39 |     39 |      0 |      0 |      0 |   1 |   39.0 |
      Ice Cave |    956 |    956 |      0 |    521 |     57 |   1 |  956.0 |
       Volcano |    796 |    796 |      0 |    463 |      0 |   1 |  796.0 |
      Gauntlet |    889 |    889 |      0 |    524 |      0 |   1 |  889.0 |
               +--------+--------+--------+--------+--------+-----+--------+

Top non-repeatable levels by time:
    D:15: 2903 daAuts
Vaults:2: 2664 daAuts
Vaults:4: 2282 daAuts
     D:7: 2236 daAuts
    D:14: 2230 daAuts
Depths:3: 2216 daAuts
Vaults:1: 2146 daAuts
Depths:2: 2133 daAuts
Vaults:3: 2118 daAuts
 Swamp:3: 1973 daAuts
    D:12: 1950 daAuts
  Lair:2: 1904 daAuts
     D:9: 1889 daAuts
 Swamp:1: 1800 daAuts
   Orc:2: 1681 daAuts
